[Event "Titled Tuesday Blitz June 28 Late 2022"]
[White "Siniauski, Artsiom"]
[Black "Ricaurte Lopez, Juan Carlos"]
[WhiteFideId "13512269"]
[BlackFideId "3600327"]
[WhiteElo "2187"]
[BlackElo "2209"]
[Result "1-0"]
[Round "04"]
[TimeControl "180+1"]
[Date "2022.06.29"]
[WhiteClock "0:00:33"]
[BlackClock "0:00:13"]

1. e4 e5 2. Nf3 Nc6 3. Bb5 Nf6 4. d3 a6 5. Bxc6 dxc6 6. Nxe5 Bc5 7. O-O O-O 8. Be3 Bxe3 9. fxe3 Qe7 10. Nf3 Bg4 11. Nbd2 Rad8 12. Qe1 Rfe8 13. Qg3 Bh5 14. Nh4 Bg6 15. Nf5 Qc5 16. Rac1 Rd7 17. Nb3 Qb4 18. Qf2 a5 19. a3 Qb5 20. Nbd4 Qxb2 21. Nxg7 Nxe4 22. dxe4 Kxg7 23. Qf6+ Kg8 24. e5 Rde7 25. Rb1 Qxa3 26. Rb3 Qc5 27. Nf5 Bxf5 28. Rxf5 Rxe5 29. Qxf7+ Kh8 30. Qxe8+ Rxe8 31. Rxc5 1-0


[Site "https://www.chess.com"]

[Event "Titled Tuesday Blitz June 28 Late 2022"]
[White "Sliwicki, Damian"]
[Black "Kaganskiy, Gleb"]
[WhiteFideId "1127128"]
[BlackFideId "4132025"]
[WhiteElo "2081"]
[BlackElo "2165"]
[Result "0-1"]
[Round "04"]
[TimeControl "180+1"]
[Date "2022.06.29"]
[WhiteClock "0:00:05"]
[BlackClock "0:01:02"]

1. e4 g6 2. d4 Nf6 3. e5 Nh5 4. Bc4 d5 5. exd6 cxd6 6. Nc3 Bg7 7. Nf3 O-O 8. h3 Nc6 9. Be3 Nf6 10. a3 Bf5 11. Qd2 Rc8 12. Bb3 Ne4 13. Nxe4 Bxe4 14. c3 Bxf3 15. gxf3 d5 16. h4 h5 17. Bc2 e6 18. Rg1 Ne7 19. Bh6 Nf5 20. Bxg7 Kxg7 21. O-O-O Qxh4 22. Rh1 Qf6 23. Rdg1 Rh8 24. Rg5 Kf8 25. f4 h4 26. Kb1 b5 27. Qd3 a6 28. Bd1 h3 29. Rxh3 Rxh3 30. Qxh3 Ke7 31. Qf3 a5 32. Bc2 b4 33. Bxf5 gxf5 34. axb4 axb4 35. Qh3 bxc3 36. bxc3 Qh8 37. Qd3 Qh1+ 38. Kc2 Rb8 39. Kd2 Rb2+ 40. Ke3 Qe1+ 0-1


[Site "https://www.chess.com"]

[Event "Titled Tuesday Blitz June 28 Late 2022"]
[White "Steinberg, Nitzan"]
[Black "Djokic, Mihailo"]
[WhiteFideId "2801795"]
[BlackFideId "976440"]
[WhiteElo "2471"]
[BlackElo "2255"]
[Result "1/2-1/2"]
[Round "04"]
[TimeControl "180+1"]
[Date "2022.06.28"]
[WhiteClock "0:00:49"]
[BlackClock "0:00:47"]

1. e4 c5 2. Nf3 d6 3. d4 cxd4 4. Nxd4 Nf6 5. Nc3 g6 6. Be3 Bg7 7. f3 O-O 8. Qd2 Nc6 9. Bc4 Bd7 10. O-O-O Rc8 11. Be2 Ne5 12. g4 Qa5 13. Nb3 Qc7 14. Kb1 b5 15. h4 b4 16. Nd5 Nxd5 17. exd5 a5 18. h5 a4 19. Nd4 Nc4 20. Bxc4 Qxc4 21. hxg6 fxg6 22. Qh2 Kf7 23. Qf4+ Kg8 24. Qh2 Kf7 25. Rhe1 a3 26. Bg5 Rfe8 27. Qxh7 axb2 28. Re4 Ra8 29. Rf4+ Bf5 30. Rxf5+ gxf5 31. Qxf5+ Bf6 32. Qh7+ Bg7 33. Qf5+ Bf6 1/2-1/2


[Site "https://www.chess.com"]

[Event "Titled Tuesday Blitz June 28 Late 2022"]
[White "Svicevic, Rastko"]
[Black "Ozates, Tuna"]
[WhiteFideId "916315"]
[BlackFideId "6354521"]
[WhiteElo "2049"]
[BlackElo "1887"]
[Result "0-1"]
[Round "04"]
[TimeControl "180+1"]
[Date "2022.06.29"]
[WhiteClock "0:00:17"]
[BlackClock "0:00:30"]

1. d4 Nf6 2. Bg5 Ne4 3. Bf4 d6 4. f3 Nf6 5. e4 e5 6. dxe5 Nh5 7. Qd2 Nxf4 8. Qxf4 Nc6 9. Bb5 g5 10. Bxc6+ bxc6 11. Qc1 dxe5 12. Nc3 Ba6 13. Nge2 Bc5 14. h4 g4 15. Qg5 Qxg5 16. hxg5 gxf3 17. gxf3 Be3 18. Rd1 Bxg5 19. Kf2 Ke7 20. Ng3 Bc8 21. Nf5+ Bxf5 22. exf5 Rad8 23. Ne4 Bf4 24. f6+ Ke6 25. Rxd8 Rxd8 26. Rxh7 Rd1 27. Rh8 Rc1 28. Rb8 Rxc2+ 29. Kf1 Be3 30. a4 Kf5 31. Rf8 Kf4 32. Rxf7 Kxf3 33. Ke1 Rc1# 0-1


[Site "https://www.chess.com"]

[Event "Titled Tuesday Blitz June 28 Late 2022"]
[White "Tari, Aryan"]
[Black "Araujo Sanchez, Josue"]
[WhiteFideId "1510045"]
[BlackFideId "6416896"]
[WhiteElo "2567"]
[BlackElo "2339"]
[Result "0-1"]
[Round "04"]
[TimeControl "180+1"]
[Date "2022.06.28"]
[WhiteClock "0:00:05"]
[BlackClock "0:00:08"]

1. e4 c5 2. Nc3 e6 3. d4 cxd4 4. Qxd4 Nc6 5. Qd3 a6 6. Bf4 Nf6 7. e5 Nh5 8. Bd2 d6 9. Qh3 g6 10. exd6 Qxd6 11. O-O-O Bg7 12. g4 Nf6 13. Bh6 Bxh6+ 14. Qxh6 Qc5 15. f3 Bd7 16. Nge2 O-O-O 17. Ng3 Qf8 18. Qf4 Ne8 19. Na4 Qb4 20. Qxb4 Nxb4 21. Nb6+ Kc7 22. Nxd7 Rxd7 23. Bc4 Nd6 24. Bb3 Rhd8 25. c3 Nc6 26. g5 Nf5 27. Rxd7+ Kxd7 28. Nxf5 gxf5 29. f4 Ke7 30. Bc4 Rh8 31. h4 h6 32. Be2 hxg5 33. fxg5 e5 34. Kd2 Rg8 35. Rg1 Rh8 36. h5 Ke6 37. Ke3 b5 38. h6 e4 39. Kf4 Ne5 40. a4 Ng6+ 41. Ke3 Ke5 42. axb5 f4+ 43. Kf2 f3 44. Bc4 axb5 45. Bxf7 Nf4 46. g6 Nh3+ 47. Ke3 Nxg1 48. g7 Rd8 49. h7 Rd3+ 50. Kf2 Nh3+ 51. Ke1 f2+ 52. Ke2 Rd1 53. Kxd1 f1=Q+ 54. Kc2 Qd3+ 55. Kc1 Nf2 56. Bb3 Qf1+ 57. Kc2 Qd1# 0-1


[Site "https://www.chess.com"]

[Event "Titled Tuesday Blitz June 28 Late 2022"]
[White "Terry, Renato"]
[Black "Schekachikhin, Maksim"]
[WhiteFideId "3803457"]
[BlackFideId "24177830"]
[WhiteElo "2577"]
[BlackElo "2239"]
[Result "1-0"]
[Round "04"]
[TimeControl "180+1"]
[Date "2022.06.28"]
[WhiteClock "0:00:59"]
[BlackClock "0:00:19"]

1. d4 d5 2. Nf3 Nf6 3. c4 c6 4. Nc3 dxc4 5. a4 e6 6. e3 c5 7. Bxc4 Nc6 8. O-O Be7 9. Qe2 O-O 10. Rd1 Qc7 11. h3 Rd8 12. dxc5 Rxd1+ 13. Qxd1 Bxc5 14. b3 Qe7 15. Bb2 Bd7 16. Ng5 Rd8 17. Nce4 Nxe4 18. Nxe4 Bb4 19. Qh5 f6 20. Rd1 Be8 21. Rxd8 Nxd8 22. Qg4 Kh8 23. Ng3 Bg6 24. h4 Bf7 25. Nh5 Bxh5 26. Qxh5 Kg8 27. Qg4 Kf7 28. Qe4 g6 29. h5 Qd6 30. Qf3 f5 31. hxg6+ hxg6 32. g4 Ke7 33. gxf5 gxf5 34. Qh5 Kd7 35. Bf6 Nc6 36. Qf7+ Ne7 37. Bxe7 Qxe7 38. Bxe6+ Kd6 39. Qxe7+ Kxe7 40. Bxf5 Kf6 41. Bd3 b6 42. Kg2 Be1 43. f4 Bd2 44. Kf3 Bc1 45. e4 Bd2 46. e5+ Ke6 47. Ke4 Bc1 48. f5+ Ke7 49. f6+ Ke8 50. e6 Bb2 51. Bb5+ 1-0


[Site "https://www.chess.com"]

[Event "Titled Tuesday Blitz June 28 Late 2022"]
[White "Tinmaz, Kerem"]
[Black "Berant"]
[WhiteFideId "44559151"]
[WhiteElo "1443"]
[BlackElo "2415"]
[Result "0-1"]
[Round "04"]
[TimeControl "180+1"]
[Date "2022.06.29"]
[WhiteClock "0:00:03"]
[BlackClock "0:00:42"]

1. e4 c5 2. Nc3 Nc6 3. Bb5 g6 4. Bxc6 dxc6 5. d3 Bg7 6. Be3 b6 7. Qd2 h6 8. f4 Nf6 9. h3 Qc7 10. Nf3 Ba6 11. O-O O-O-O 12. a4 Nh5 13. a5 b5 14. g4 Ng3 15. Rfe1 b4 16. Nd1 Nxe4 17. Qg2 Nd6 18. Bxc5 Nb5 19. Rxe7 Rd7 20. Rxd7 Qxd7 21. Bxb4 Re8 22. Nc3 Nxc3 23. Bxc3 Bf8 24. Ne5 Bc5+ 25. Kh2 Qc7 26. d4 Bd6 27. Rf1 f6 28. Nxg6 Re2 29. Rf2 Re3 30. Bd2 Re8 31. Nh4 Bb7 32. Nf5 c5 33. Qg3 Qc6 34. Rg2 Bc7 35. dxc5 Qxg2+ 36. Qxg2 Bxg2 37. Kxg2 Re2+ 38. Kf3 Rxd2 39. Nxh6 Rxc2 40. Ng8 Bd8 41. h4 Rxc5 42. h5 Rc1 43. h6 Rh1 44. Ke4 Bxa5 45. Kf5 Bd8 46. Kg6 f5 47. Kxf5 Bb6 48. g5 Bd4 49. g6 Bxb2 50. Ke6 a5 51. f5 Re1+ 52. Kf7 a4 53. Ne7+ Kd7 54. f6 Rf1 55. g7 Rxf6+ 56. Kg8 Kxe7 57. h7 Rh6 58. h8=Q Rxh8+ 0-1


[Site "https://www.chess.com"]

[Event "Titled Tuesday Blitz June 28 Late 2022"]
[White "Toncheva, Nadya"]
[Black "Wartiovaara, Oliver"]
[WhiteFideId "2924056"]
[BlackFideId "513024"]
[WhiteElo "1888"]
[BlackElo "1971"]
[Result "1-0"]
[Round "04"]
[TimeControl "180+1"]
[Date "2022.06.29"]
[WhiteClock "0:01:17"]
[BlackClock "0:00:35"]

1. e4 Nf6 2. e5 Ng8 3. d4 d6 4. Nf3 Bg4 5. h3 Bh5 6. g4 Bg6 7. h4 h6 8. h5 Bh7 9. e6 Nf6 10. exf7+ Kxf7 11. Bc4+ d5 12. Ne5+ Kg8 13. Bd3 e6 14. Qe2 Bxd3 15. Qxd3 Bd6 16. g5 Bxe5 17. dxe5 Ne4 18. gxh6 gxh6 19. f3 Ng5 20. Qg6+ Kf8 21. Nc3 Nxf3+ 22. Kd1 Qe8 23. Qf6+ Qf7 24. Qxh8+ 1-0


[Site "https://www.chess.com"]

[Event "Titled Tuesday Blitz June 28 Late 2022"]
[White "Uddin, Mubassar"]
[Black "Vovk, Orest"]
[WhiteFideId "2093944"]
[BlackFideId "14113490"]
[WhiteElo "2051"]
[BlackElo "2203"]
[Result "0-1"]
[Round "04"]
[TimeControl "180+1"]
[Date "2022.06.29"]
[WhiteClock "0:00:12"]
[BlackClock "0:00:22"]

1. d4 e5 2. dxe5 Nc6 3. Nf3 Qe7 4. g3 Nxe5 5. Bg2 Nf6 6. O-O c6 7. b3 d5 8. Bb2 Nxf3+ 9. exf3 Qd6 10. Re1+ Be7 11. f4 O-O 12. Nd2 Bg4 13. Qc1 Rfe8 14. Be5 Qd7 15. c4 Bb4 16. Bxf6 Rxe1+ 17. Qxe1 dxc4 18. Bxg7 Bxd2 19. Qe5 c3 20. Be4 f5 21. Bf6 fxe4 22. Qg5+ Kf8 23. Qh6+ Ke8 24. h3 Bxh3 25. Qg5 Qe6 26. Be5 Bf5 27. Qh5+ Bg6 28. Qe2 Rd8 29. Rd1 Rd3 30. Bxc3 Rxc3 31. Rxd2 e3 32. fxe3 Qxe3+ 33. Qxe3+ Rxe3 34. Kf2 Re7 35. g4 Bf7 36. Kg3 Rd7 37. Re2+ Kf8 38. f5 h6 39. Kf4 Kg7 40. g5 hxg5+ 41. Kxg5 Rd6 42. Re7 b5 43. Rxa7 c5 44. Rc7 c4 45. bxc4 bxc4 46. a4 Ra6 47. a5 Rxa5 48. Rc6 Ra1 49. f6+ Kh7 50. Rc7 Ra5+ 51. Kg4 Kg6 52. Kf4 Kxf6 53. Ke4 Be6 54. Kd4 Rd5+ 55. Kc3 Rd3+ 56. Kc2 Rh3 57. Rc6 Ke5 58. Rc8 Bd5 59. Re8+ Kd4 60. Rh8 Rxh8 0-1


[Site "https://www.chess.com"]

[Event "Titled Tuesday Blitz June 28 Late 2022"]
[White "Urbina Perez, Juan Antonio"]
[Black "Tologon tegin, Semetei"]
[WhiteFideId "2217368"]
[BlackFideId "13800574"]
[WhiteElo "2192"]
[BlackElo "2174"]
[Result "1/2-1/2"]
[Round "04"]
[TimeControl "180+1"]
[Date "2022.06.29"]
[WhiteClock "0:00:27"]
[BlackClock "0:00:09"]

1. e4 c6 2. d4 d5 3. e5 Bf5 4. Nd2 e6 5. Nb3 Ne7 6. Nf3 Nd7 7. Be2 h6 8. O-O g5 9. a4 a6 10. a5 Bg7 11. c3 c5 12. Nxc5 Nxc5 13. dxc5 Nc6 14. Bd3 Bg4 15. h3 Bxf3 16. Qxf3 Nxe5 17. Qe2 Nxd3 18. Qxd3 Qc7 19. b4 Rd8 20. f4 Qe7 21. Be3 O-O 22. fxg5 hxg5 23. Rae1 f5 24. c6 bxc6 25. Bc5 Qd7 26. Bxf8 Rxf8 27. Re3 e5 28. Qxa6 f4 29. Re2 e4 30. c4 g4 31. hxg4 Bd4+ 32. Rff2 f3 33. gxf3 Rxf3 34. Kf1 Rxf2+ 35. Rxf2 Bxf2 36. Kxf2 d4 37. c5 Qf7+ 38. Ke1 e3 39. Qc8+ Kg7 40. Qf5 Qc4 41. Qe5+ Kf7 42. Qf5+ Kg7 43. Qe5+ Kf7 44. Qf5+ Ke7 45. Qe5+ Kf8 46. Qf6+ Kg8 47. Qg6+ Kf8 48. Qf6+ Kg8 49. Qg6+ Kh8 50. Qh6+ Kg8 51. Qg6+ 1/2-1/2


[Site "https://www.chess.com"]

[Event "Titled Tuesday Blitz June 28 Late 2022"]
[White "Van Foreest, Jorden"]
[Black "Zhigalko, Sergei"]
[WhiteFideId "1039784"]
[BlackFideId "13502956"]
[WhiteElo "2609"]
[BlackElo "2662"]
[Result "1-0"]
[Round "04"]
[TimeControl "180+1"]
[Date "2022.06.28"]
[WhiteClock "0:00:29"]
[BlackClock "0:00:03"]

1. g3 d5 2. Bg2 c6 3. Nf3 Bg4 4. h3 Bh5 5. b3 Nf6 6. Bb2 e6 7. d3 a5 8. a3 Be7 9. Nbd2 O-O 10. g4 Bg6 11. h4 h5 12. g5 Ng4 13. e3 Qb6 14. Qe2 a4 15. O-O axb3 16. Nxb3 Ra4 17. Rfb1 Nd7 18. Nfd2 Rfa8 19. Bd4 Qc7 20. Nf1 Rxa3 21. Rxa3 Rxa3 22. Bb2 Ra2 23. Nc1 Ra8 24. d4 Bd6 25. f3 Nh2 26. Nd2 Bg3 27. Bh3 Bxc2 28. Ra1 Rxa1 29. Bxa1 Qa5 30. Ndb3 Bxb3 31. Nxb3 Qa4 32. Kg2 Bd6 33. Qc2 Nb6 34. Bb2 Qa2 35. Nc1 Nc4 36. Nxa2 Nxe3+ 37. Kf2 Nxc2 38. Nc1 c5 39. dxc5 Bxc5+ 40. Kg2 Bd6 41. Nd3 Ne3+ 42. Kf2 Nd1+ 43. Kg2 Nxb2 44. Nxb2 b5 45. g6 b4 46. Nd3 b3 47. Kf2 f5 48. Ke3 1-0


[Site "https://www.chess.com"]

[Event "Titled Tuesday Blitz June 28 Late 2022"]
[White "Vidonyak, Roman"]
[Black "Bach, Matthias"]
[WhiteFideId "14100622"]
[BlackFideId "4603168"]
[WhiteElo "2328"]
[BlackElo "2165"]
[Result "1-0"]
[Round "04"]
[TimeControl "180+1"]
[Date "2022.06.29"]
[WhiteClock "0:00:48"]
[BlackClock "0:00:51"]

1. d4 Nf6 2. c4 c5 3. d5 e6 4. Nc3 exd5 5. cxd5 d6 6. e4 g6 7. f4 Bg7 8. Bb5+ Bd7 9. e5 Nh5 10. Nf3 O-O 11. O-O a6 12. Bxd7 Nxd7 13. g4 dxe5 14. gxh5 Re8 15. fxe5 Nxe5 16. Bf4 Nc4 17. Qc2 Qd7 18. Qg2 Qf5 19. Ng5 h6 20. Bd2 Qd3 21. hxg6 fxg6 22. Nge4 Bxc3 23. Qxg6+ Bg7 24. Nf6+ 1-0


[Site "https://www.chess.com"]

[Event "Titled Tuesday Blitz June 28 Late 2022"]
[White "Vivas Zamora, Fabian Ernesto"]
[Black "Pakleza, Zbigniew"]
[WhiteFideId "3902480"]
[BlackFideId "1119290"]
[WhiteElo "2014"]
[BlackElo "2467"]
[Result "0-1"]
[Round "04"]
[TimeControl "180+1"]
[Date "2022.06.28"]
[WhiteClock "0:00:03"]
[BlackClock "0:01:33"]

1. e4 d6 2. d4 Nf6 3. Nc3 c6 4. f4 Qb6 5. Nf3 Bg4 6. Be2 Bxf3 7. Bxf3 e5 8. fxe5 dxe5 9. dxe5 Nfd7 10. e6 fxe6 11. Bd2 Na6 12. Qe2 Qxb2 13. Rb1 Qxc2 14. O-O Nac5 15. e5 Be7 16. Ne4 Qd3 17. Qf2 Nxe4 18. Bxe4 Qxe4 19. Qf7+ Kd8 20. Rxb7 Qd4+ 21. Rf2 Rf8 22. Ba5+ Kc8 23. Rc7+ Kb8 0-1


[Site "https://www.chess.com"]

[Event "Titled Tuesday Blitz June 28 Late 2022"]
[White "Vlassov, Nikolai"]
[Black "Nikologorsky, Matfei"]
[WhiteFideId "4103360"]
[BlackFideId "24102474"]
[WhiteElo "2407"]
[BlackElo "2231"]
[Result "1-0"]
[Round "04"]
[TimeControl "180+1"]
[Date "2022.06.29"]
[WhiteClock "0:00:30"]
[BlackClock "0:00:03"]

1. e4 c5 2. c3 d5 3. exd5 Qxd5 4. d4 Nf6 5. Nf3 e6 6. a3 Nc6 7. Be3 cxd4 8. cxd4 Be7 9. Nc3 Qd7 10. Bb5 O-O 11. Qa4 Qd6 12. Bxc6 bxc6 13. O-O Bb7 14. Rac1 Rfd8 15. b4 h6 16. Ne5 a5 17. Nc4 Qc7 18. Nxa5 Ng4 19. g3 Nxe3 20. fxe3 Bg5 21. Nd1 e5 22. dxe5 Qxe5 23. Qb3 Qe4 24. Nxb7 Rxd1 25. Qxf7+ Kh8 26. Rcxd1 Bxe3+ 27. Rf2 Qc2 28. Re1 Qd2 29. Rxe3 Qxe3 30. Nd6 Rxa3 31. Kg2 Ra1 32. Qe8+ Qxe8 33. Nxe8 Rb1 34. Rf4 Kg8 35. Nc7 Kh7 36. Ne6 Kg6 37. h4 h5 38. Rc4 Kf7 39. Nd8+ Ke7 40. Nxc6+ Kd6 41. Na5 Kd5 42. Rf4 Ke5 43. Nc4+ Ke6 44. Ne3 Rb3 45. Nf5 g6 46. Nd4+ 1-0


[Site "https://www.chess.com"]

[Event "Titled Tuesday Blitz June 28 Late 2022"]
[White "Voege, Tobias"]
[Black "Kaasen, Tor Fredrik"]
[WhiteFideId "1270513"]
[BlackFideId "1516647"]
[WhiteElo "2379"]
[BlackElo "2335"]
[Result "0-1"]
[Round "04"]
[TimeControl "180+1"]
[Date "2022.06.29"]
[WhiteClock "0:00:03"]
[BlackClock "0:00:19"]

1. d4 Nf6 2. c4 g6 3. Nc3 Bg7 4. e4 d6 5. Nf3 O-O 6. Be3 Ng4 7. Be2 Nxe3 8. fxe3 Nd7 9. O-O e5 10. Kh1 c6 11. Qd3 Qe7 12. b4 Nf6 13. a4 Nh5 14. d5 f5 15. c5 Rd8 16. Qc4 Kh8 17. Rad1 Nf6 18. dxc6 bxc6 19. cxd6 Qe8 20. Ng5 Rd7 21. exf5 gxf5 22. Qxc6 Bb7 23. Qc4 Qg6 24. Nf3 Ng4 25. Nd5 Rc8 26. Qb3 Bxd5 27. Rxd5 Qh6 28. h3 Nxe3 29. Rdd1 Nxf1 30. Bxf1 Rxd6 31. Rxd6 Qxd6 32. Ng5 Rf8 33. Nf7+ Rxf7 34. Qxf7 f4 35. Qxa7 Qxb4 36. Qa8+ Qf8 37. Qe4 Qd8 38. Bd3 Kg8 39. Qxh7+ Kf8 40. Qe4 Qa5 41. Qf5+ Ke7 42. Bb5 Qe1+ 43. Kh2 Qg3+ 44. Kh1 Qe1+ 45. Kh2 Qg3+ 46. Kg1 Qe1+ 47. Bf1 Qe3+ 48. Kh1 e4 49. Qg5+ Kf8 50. Qf5+ Ke7 51. Qb5 Bd4 52. Qb7+ Kf6 53. Qc6+ Kg5 54. Qd5+ Kh4 55. Qd8+ Kg3 56. Qg5+ Kf2 57. Qh4+ Kxf1 58. Qxf4+ Qxf4 0-1


[Site "https://www.chess.com"]

[Event "Titled Tuesday Blitz June 28 Late 2022"]
[White "Vusatiuk, Vladimir"]
[Black "Tanenbaum, Zachary"]
[WhiteFideId "14118610"]
[BlackFideId "2060850"]
[WhiteElo "2157"]
[BlackElo "2175"]
[Result "1-0"]
[Round "04"]
[TimeControl "180+1"]
[Date "2022.06.28"]
[WhiteClock "0:00:10"]
[BlackClock "0:00:00"]

1. d4 d5 2. c4 Bf5 3. cxd5 Bxb1 4. Qa4+ c6 5. dxc6 Nxc6 6. Rxb1 e5 7. a3 exd4 8. Nf3 Bc5 9. b4 Bb6 10. b5 Nce7 11. g3 Nd5 12. Bd2 Ngf6 13. Bg2 O-O 14. Nxd4 a6 15. bxa6 Rxa6 16. Qc4 Ba5 17. Qd3 Bxd2+ 18. Qxd2 Rxa3 19. O-O Nc3 20. Rb4 Re8 21. e3 b6 22. Qb2 Ra2 23. Qxc3 Nd5 24. Bxd5 Qxd5 25. Qb3 Qa5 26. Rxb6 g6 27. Rb7 Rf8 28. Rc1 Rxf2 29. Kxf2 Qd2+ 30. Ne2 h5 31. Rcc7 Qd6 32. Rxf7 1-0


[Site "https://www.chess.com"]

[Event "Titled Tuesday Blitz June 28 Late 2022"]
[White "Xie, Bryan"]
[Black "Souleidis, Georgios"]
[WhiteFideId "30941296"]
[BlackFideId "4206827"]
[WhiteElo "1899"]
[BlackElo "2401"]
[Result "0-1"]
[Round "04"]
[TimeControl "180+1"]
[Date "2022.06.29"]
[WhiteClock "0:01:21"]
[BlackClock "0:01:50"]

1. d4 Nf6 2. Nf3 g6 3. Bf4 Bg7 4. e3 O-O 5. Be2 d6 6. h3 Nfd7 7. Nbd2 e5 8. Bh2 Nc6 9. c3 f5 10. O-O Kh8 11. Ne1 Nf6 12. Nd3 e4 13. Nb4 Ne7 14. c4 a5 15. Nc2 g5 16. Re1 Ng6 17. Bh5 Nxh5 18. Qxh5 Be6 19. Rac1 Bf7 20. Qe2 Qe7 21. b3 Rae8 22. Nf1 Nh4 23. Ng3 Bg6 24. Nh5 Bh6 25. d5 Qf7 26. Ng3 Bg7 27. Nd4 Bxd4 28. exd4 f4 29. Nf1 Nxg2 30. Qg4 Nh4 31. Nd2 Bh5 32. Qxg5 Rg8 33. Bxf4 Qxf4 0-1


[Site "https://www.chess.com"]

[Event "Titled Tuesday Blitz June 28 Late 2022"]
[White "Xiong, Jeffery"]
[Black "Khismatullin, Denis"]
[WhiteFideId "2047640"]
[BlackFideId "4142578"]
[WhiteElo "2714"]
[BlackElo "2543"]
[Result "1-0"]
[Round "04"]
[TimeControl "180+1"]
[Date "2022.06.28"]
[WhiteClock "0:00:14"]
[BlackClock "0:00:12"]

1. d4 Nf6 2. Nf3 e6 3. Bf4 Bd6 4. Bg3 b6 5. e3 Bb7 6. Bd3 Bxg3 7. hxg3 c5 8. Nbd2 h6 9. c3 d6 10. g4 Nxg4 11. dxc5 Nf6 12. Bb5+ Bc6 13. Qa4 Qd7 14. Bxc6 Qxc6 15. Qxc6+ Nxc6 16. cxd6 Rd8 17. e4 Ng4 18. Ke2 Rxd6 19. Nc4 Rd7 20. a4 Ke7 21. Rh4 Nf6 22. e5 Nd5 23. Rah1 Rhd8 24. Rg4 Kf8 25. Re4 Rc7 26. g4 Nce7 27. g5 Nf5 28. gxh6 gxh6 29. Nh4 Rdc8 30. Nd2 Nde7 31. Nhf3 Rd8 32. Nh4 Rdc8 33. Ra1 Rc5 34. Ndf3 R8c7 35. Nxf5 Nxf5 36. Rb4 Ke7 37. Rb5 Ke8 38. Nd2 a6 39. Rxc5 Rxc5 40. f4 f6 41. Ne4 Rc4 42. Nxf6+ Kf7 43. Kf3 Nh4+ 44. Kg3 Nf5+ 45. Kg4 Ne3+ 46. Kf3 Nf5 47. a5 b5 48. Rd1 Nh4+ 49. Kg4 Ng6 50. Rd7+ Kf8 51. Kh5 Nxf4+ 52. Kxh6 Rc5 53. Nh7+ Ke8 54. Nf6+ Kf8 55. Ra7 Rc6 56. Kg5 Nd3 57. Nd7+ Ke8 58. Kf6 b4 59. Nb6 Kd8 60. Rd7+ Ke8 61. Rxd3 1-0


[Site "https://www.chess.com"]

[Event "Titled Tuesday Blitz June 28 Late 2022"]
[White "Xu, Yi"]
[Black "Kamsky, Gata"]
[WhiteFideId "8605564"]
[BlackFideId "2000024"]
[WhiteElo "2471"]
[BlackElo "2645"]
[Result "1-0"]
[Round "04"]
[TimeControl "180+1"]
[Date "2022.06.28"]
[WhiteClock "0:00:07"]
[BlackClock "0:00:03"]

1. e4 g6 2. d4 Bg7 3. Nc3 d6 4. f4 Nf6 5. Bd3 Bg4 6. Be2 Bxe2 7. Qxe2 c6 8. Nf3 O-O 9. e5 Nd5 10. Nxd5 cxd5 11. h4 Nc6 12. h5 Qc8 13. Be3 dxe5 14. fxe5 f6 15. hxg6 hxg6 16. O-O-O fxe5 17. dxe5 Qe6 18. Bh6 Bxh6+ 19. Rxh6 Qf5 20. Qd2 Rad8 21. Rdh1 Kf7 22. Nh4 Qe4 23. Nxg6 Rg8 24. Rh7+ Ke8 25. Nf4 Nxe5 26. Rh8 Kd7 27. Rxg8 Rxg8 28. Re1 1-0


[Site "https://www.chess.com"]

[Event "Titled Tuesday Blitz June 28 Late 2022"]
[White "Yaksin, Oleg"]
[Black "Novikova, Galina"]
[WhiteFideId "24105880"]
[BlackFideId "4157095"]
[WhiteElo "2256"]
[BlackElo "1863"]
[Result "1-0"]
[Round "04"]
[TimeControl "180+1"]
[Date "2022.06.29"]
[WhiteClock "0:00:05"]
[BlackClock "0:00:02"]

1. d4 Nf6 2. c4 e5 3. g4 exd4 4. a3 c5 5. g5 Ne4 6. Bg2 Nxg5 7. Qb3 Nc6 8. Qg3 Ne6 9. h4 h5 10. Nh3 g6 11. Nd2 Bg7 12. Ne4 O-O 13. Rg1 Ne5 14. Nf4 Ng4 15. f3 Ne3 16. Bxe3 dxe3 17. Nd5 Nd4 18. Kf1 d6 19. Nxd6 Be6 20. Nxe3 Nc6 21. Ne4 Bd4 22. f4 Bxe3 23. Qxe3 Qd4 24. Qf3 Bxc4 25. Bh3 Rfe8 26. Bf5 Qxb2 27. Re1 Qb3 28. Qxh5 Kf8 29. Qg5 Qb2 30. Bxg6 fxg6 31. Qxg6 Ke7 32. Qd6+ 1-0


[Site "https://www.chess.com"]

[Event "Titled Tuesday Blitz June 28 Late 2022"]
[White "Yeshchenko, Uliana"]
[Black "Desideri, Ricardo Maruchi"]
[WhiteFideId "14187272"]
[BlackFideId "2110440"]
[WhiteElo "1890"]
[BlackElo "1945"]
[Result "1/2-1/2"]
[Round "04"]
[TimeControl "180+1"]
[Date "2022.06.29"]
[WhiteClock "0:00:33"]
[BlackClock "0:00:02"]

1. d4 Nf6 2. c4 c5 3. d5 e6 4. Nc3 exd5 5. cxd5 d6 6. e4 g6 7. f4 Bg7 8. Bb5+ Nfd7 9. Nf3 O-O 10. O-O a6 11. Be2 b5 12. a3 Re8 13. Qc2 c4 14. Be3 Nc5 15. e5 Nb3 16. Rad1 dxe5 17. fxe5 Bxe5 18. Nxe5 Rxe5 19. Bf4 Re8 20. Bf3 Qb6+ 21. Kh1 Bf5 22. Be4 Nd4 23. Rxd4 Qxd4 24. Bxf5 Qxf4 25. Rg1 Qxf5 26. Qd2 Nd7 27. d6 Re6 28. Nd5 Kg7 29. Nc7 Rae8 30. Nxe8+ Rxe8 31. h3 Qe5 32. Rd1 Qe3 33. Qd5 Qg3 34. Qd4+ f6 35. Qd2 Re5 36. Qa5 Kf7 37. Qc7 Re1+ 38. Rxe1 Qxe1+ 39. Kh2 Qe5+ 40. Kg1 Qe6 41. Kh2 f5 42. Kh1 Kf6 43. Qd8+ Ke5 44. Qh8+ Qf6 45. Qxh7 Qxd6 46. Qh8+ Kd5 47. Qc3 Kc6 48. Qf3+ Kb6 49. Qf2+ Nc5 50. Qf3 Qd3 51. Qa8 Qd1+ 52. Kh2 Qd7 53. Qb8+ Qb7 54. Qd6+ Qc6 55. Qb8+ Nb7 56. Qg8 Qd6+ 57. Kg1 a5 58. Qf7 b4 59. axb4 axb4 60. Qxc4 Qc5+ 61. Qxc5+ Kxc5 62. Kf2 Na5 63. Kf3 Nc4 64. Kf4 Nxb2 65. Kg5 Nd3 66. Kxg6 b3 67. h4 b2 68. Kxf5 b1=Q 69. h5 Qh1 70. Kg5 Qxg2+ 71. Kh6 Ne5 72. Kh7 Nf7 73. h6 Qg5 1/2-1/2


[Site "https://www.chess.com"]

[Event "Titled Tuesday Blitz June 28 Late 2022"]
[White "Yoo, Christopher Woojin"]
[Black "Maksimovic, Bojan"]
[WhiteFideId "30909694"]
[BlackFideId "14408120"]
[WhiteElo "2105"]
[BlackElo "2453"]
[Result "1-0"]
[Round "04"]
[TimeControl "180+1"]
[Date "2022.06.28"]
[WhiteClock "0:00:06"]
[BlackClock "0:00:02"]

1. e4 g6 2. h4 Nf6 3. e5 Nh5 4. d4 d6 5. Bc4 dxe5 6. Qf3 e6 7. dxe5 Qd4 8. Qe2 Nf4 9. Bxf4 Qxf4 10. Nd2 Nc6 11. Ngf3 Bg7 12. g3 Qf5 13. Bd3 Qh5 14. Nc4 Bd7 15. Qe4 Nb4 16. Qxb7 Bc6 17. Qxb4 Qxf3 18. Rh2 Bf8 19. Qc3 Rb8 20. Nd2 Bb4 21. Qxb4 Rxb4 22. Nxf3 Bxf3 23. b3 Ke7 24. Kd2 Rd8 25. Re1 h5 26. Re3 Bg4 27. f4 Bf5 28. Kc3 Rbd4 29. Rd2 c5 30. Ree2 R8d5 31. Bxf5 gxf5 32. Rxd4 Rxd4 33. Rd2 Re4 34. Kd3 a5 35. Re2 Rd4+ 36. Kc3 a4 37. Re3 axb3 38. axb3 f6 39. exf6+ Kxf6 40. Rd3 Re4 41. Kd2 c4 42. Re3 Rd4+ 43. Kc3 Rd1 44. Kxc4 Ke7 45. b4 Rb1 46. b5 Kd6 47. Rd3+ Kc7 48. Kc5 Re1 49. c4 Re4 50. b6+ Kc8 51. Kb5 Re1 52. c5 1-0


[Site "https://www.chess.com"]

[Event "Titled Tuesday Blitz June 28 Late 2022"]
[White "Yurasova, Daria"]
[Black "Winkels, Marcel"]
[WhiteFideId "34146919"]
[BlackFideId "1003887"]
[WhiteElo "2021"]
[BlackElo "1900"]
[Result "1-0"]
[Round "04"]
[TimeControl "180+1"]
[Date "2022.06.29"]
[WhiteClock "0:00:08"]
[BlackClock "0:00:34"]

1. e4 c5 2. Nf3 d6 3. d4 cxd4 4. Nxd4 Nf6 5. Nc3 a6 6. h3 e5 7. Nde2 h5 8. Bg5 Be7 9. Bxf6 Bxf6 10. Nd5 Bg5 11. Nec3 O-O 12. Qxh5 Bh6 13. Qd1 Nc6 14. Be2 Nd4 15. O-O f5 16. Bc4 Kh8 17. Ne2 Nc6 18. exf5 Bxf5 19. Ng3 Be6 20. c3 Rc8 21. Be2 Ne7 22. Nxe7 Qxe7 23. Bg4 d5 24. Bxe6 Qxe6 25. Qe2 Rcd8 26. Rae1 Bf4 27. Nh5 Qf5 28. Nxf4 exf4 29. Qf3 Rf7 30. Re2 d4 31. cxd4 Rxd4 32. Rfe1 Rd3 33. Re8+ Kh7 34. Qe4 Rd2 35. Qf3 Rxb2 36. R8e5 Qg6 37. Rh5+ Kg8 38. Re8+ Rf8 39. Qd5+ Qf7 40. Rxf8+ Kxf8 41. Qd8+ Qe8 42. Rh8+ Kf7 43. Qxe8+ Kf6 44. Rf8+ Kg5 45. Qe7+ Kh6 46. Qh4+ Kg6 47. Qg4+ Kh6 48. Qxf4+ Kg6 49. Qf5+ Kh6 50. Rh8# 1-0


[Site "https://www.chess.com"]